 Dungeon Crawl Stone Soup version 0.29.1-15-g9cfb28693d (webtiles) character file.

Game seed: 1921683363381031705

72 leafyfresh the Sneak (level 4, 0/33 HPs)
             Began as an Octopode Delver on Mar 4, 2023.
             Slain by an ufetubus (3 damage)
             ... on level 5 of the Dungeon.
             The game lasted 00:01:03 (941 turns).

leafyfresh the Sneak (Octopode Delver)               Turns: 941, Time: 00:01:04

Health: 0/33       AC:  1    Str: 11    XL:     4   Next: 26%
Magic:  4/4        EV: 13    Int: 14    God:
Gold:   0          SH:  0    Dex: 13    Spells: 3/3 levels left

rFire   . . .      SeeInvis .   a - +0 short sword
rCold   . . .      Faith    .   (no shield)
rNeg    . . .      Spirit   .   (helmet restricted)
rPois   .          Reflect  .   (no amulet)
rElec   .          Harm     .   (no ring)
rCorr   .          Rampage  .   (no ring)
Will    .....                   (no ring)
Stlth   ++++......              (no ring)
HPRegen 0.11/turn               (no ring)
MPRegen 0.09/turn               (no ring)
                                (no ring)
                                (no ring)

@: no status effects
A: almost no armour, amphibious, 8 rings, camouflage 1, gelatinous body 1,
(nimble swimmer 1), tentacles
a: no special abilities


You were on level 5 of the Dungeon.
You visited 2 branches of the dungeon, and saw 2 of its levels.

Inventory:

Hand Weapons
 a - a +0 short sword (weapon)
Wands
 f - a wand of digging (3)
Scrolls
 b - a scroll of fog
 c - a scroll of magic mapping
 d - a scroll of fear
Potions
 e - a potion of haste


   Skills:
 + Level 3.7 Fighting
 - Level 2.2 Short Blades
 + Level 2.9 Dodging
 + Level 7.3 Stealth


You had 3 spell levels left.
You didn't know any spells.
Your spell library was empty.

Dungeon Overview and Level Annotations

Branches:
Dungeon (5/15)             Temple (1/1) D:5

Altars:
Cheibriados
Dithmenos
Elyvilon
Gozag
Kikubaaqudgha
Okawaru
Qazlal
Ru
Sif Muna
Trog
Xom
Yredelemnul
Zin
The Shining One


Innate Abilities, Weirdness & Mutations

You cannot wear most types of armour.
You are amphibious.
You can wear up to eight rings at the same time.
Your skin changes colour to match your surroundings (Stealth+).
Your rubbery body absorbs attacks. (AC +1, EV +1)
((You are camouflaged when in or above water. (Stealth+)))
You have tentacles for arms and can constrict up to eight enemies at once.


Message History

The ufetubus is heavily wounded.
The ufetubus misses you. The ufetubus barely misses you. The ufetubus hits you.
The ufetubus misses you.
You hit the ufetubus. You grab the ufetubus.
The ufetubus is almost dead.
You constrict the ufetubus, but do no damage.
The ufetubus barely misses you. x2
You barely miss the ufetubus.
You squeeze the ufetubus, but do no damage.
The ufetubus is almost dead.
You constrict the ufetubus.
You kill the ufetubus!
An adder comes into view.
A hound comes into view.
The hound barks!
The adder hisses angrily.
You hear a shout!
The ice beast attacks as you move away! The ice beast completely misses you.
An orc comes into view. It is wielding a +0 club.
The hound bites you. The hound misses you. The hound attacks as you move away!
The hound barely misses you.
An ufetubus comes into view.
The hound closely misses you. The hound attacks as you move away!
The hound closely misses you.
Found a mace.
The hound bites you. The hound attacks as you move away!
The hound closely misses you.
Found 10 gold pieces.
The hound bites you. The hound closely misses you.
The ufetubus shouts!
You hit the ufetubus. Your grab misses the ufetubus.
The ufetubus is moderately wounded.
The ufetubus closely misses you. x2; The hound barely misses you.
You hit the ufetubus but do no damage. You grab the ufetubus.
The ufetubus is lightly wounded.
You constrict the ufetubus.
The ufetubus hits you but does no damage.
The ufetubus hits you. The hound barely misses you. The ice beast hits you.
The ice beast freezes you!
* * * LOW HITPOINT WARNING * * *
The ufetubus closely misses you. The ufetubus hits you.
You die...

#.#.#............#
...#..........#.. .
#......####......
..###..##.....S.##...
......##..#####.....
#......##)....##.#
#............###.#
#.#####S#..####.##.#
.># ......5@h....# ##
.## ..######Y.......#
#......### ......##
#.##.### #. #.# #.
#.# .. $.


You could see an ice beast, a hound, an adder and an ufetubus.

Vanquished Creatures
  A scorpion (Temple)
  An adder (D:5)
  An ufetubus (D:5)
3 creatures vanquished.

Vanquished Creatures (others)
  3 fungi (D:5)
3 creatures vanquished.

Grand Total: 6 creatures vanquished

Notes
Turn   | Place    | Note
-------+----------+-------------------------------------------
     0 | D:5      | leafyfresh the Octopode Delver began the quest for the Orb.
     0 | D:5      | Reached XP level 1. HP: 16/16 MP: 1/1
    38 | D:5      | Reached XP level 2. HP: 18/21 MP: 2/2
   115 | D:5      | Noticed a scorpion
   116 | D:5      | Found a staircase to the Ecumenical Temple.
   122 | D:5      | Noticed an ice beast
   124 | Temple   | Entered the Ecumenical Temple
   132 | Temple   | Killed a scorpion
   132 | Temple   | HP: 1/21 [poisoned by a scorpion]
   133 | Temple   | Reached skill level 7 in Stealth
   133 | Temple   | Reached XP level 3. HP: 2/27 MP: 3/3
   133 | Temple   | Reached XP level 4. HP: 2/33 MP: 4/4
   941 | D:5      | Slain by an ufetubus

Illustrated notes

Levels and vault maps discovered:
D:5:      layout_rooms, minmay_temple_entry_ruins, serial_aquarium,
          aquarium_bridge_square [aquarium_subvault_balcony,
          aquarium_subvault_bridge, aquarium_subvault_wall,
          aquarium_subvault_bridge], aquarium_bridge_square
          [aquarium_subvault_window, aquarium_subvault_window,
          aquarium_subvault_wall, aquarium_subvault_bridge], aquarium_window_1,
          aquarium_window_fake, aquarium_window_3, aquarium_view_2e,
          kennysheep_generic_room_12
Temple:   minmay_temple_curvy_branch

Skill      XL: |  1  2 |
---------------+-------+-----
Stealth        | 7 |  7.3
Fighting       | |  3.7
Short Blades   | |  2.2
Dodging        | |  2.9

Action                   |  1- 3 |  4- 6 || total
-------------------------+-------+-------++-------
Melee: Short sword       |    10 |     5 ||    15
       Tentacles         |     3 |     1 ||     4
       Constrict         |     2 |     2 ||     4
       Punch             |     1 |       ||     1
Armor: Skin              |       |     1 ||     1
Dodge: Dodged            |     8 |    18 ||    26
